 Dungeon Crawl Stone Soup version 0.19.1-1-g22dce08 (webtiles) character file.

5971 jacobscrackers the Quickloader (level 10, -5/88 HPs)
             Began as a Minotaur Hunter on Dec 31, 2016.
             Was a Follower of Okawaru.
             Killed by divine providence
             ... invoked by an orc priest
              (13 damage)
             ... on level 9 of the Dungeon on Jan 1, 2017.
             The game lasted 02:08:03 (9843 turns).

jacobscrackers the Quickloader (Minotaur Hunter)    Turns: 9843, Time: 02:08:04

Health: -5/88      AC: 14    Str: 18    XL:     10   Next: 55%
Magic:  9/9        EV: 13    Int:  8    God:    Okawaru [*.....]
Gold:   453        SH:  0    Dex: 13    Spells: 0 memorised, 9 levels left

rFire  + . .     SeeInvis +     z - +2 falchion (holy)
rCold  + + .     Gourm    .     Z - +3 ring mail {rC+}
rNeg   . . .     Faith    .     (no shield)
rPois  +         Spirit   .     (helmet restricted)
rElec  +         Reflect  .     (no cloak)
rCorr  +         Harm     .     n - +2 pair of gloves
MR     .....                    i - +0 pair of boots
Stlth  ++........               Y - amulet of regeneration
                                f - ring of see invisible
                                r - ring of stealth

@: resistant, very slightly contaminated
A: retaliatory headbutt, horns 2
a: Heroism, Renounce Religion


You were on level 9 of the Dungeon.
You worshipped Okawaru.
Okawaru was aware of your devotion.
You were not hungry.

You visited 2 branches of the dungeon, and saw 10 of its levels.

You collected 480 gold pieces.
You spent 27 gold pieces at shops.

Inventory:

Hand Weapons
 a - a +2 hand crossbow
 d - a +2 short sword of flaming
 g - a +1 whip of draining
 j - a +0 dagger of speed
 q - a +2 flail of electrocution
 z - a +2 falchion of holy wrath (weapon)
 B - a +0 giant spiked club
 N - a +0 blowgun
Missiles
 b - 11 bolts
 K - 2 javelins (quivered)
 Q - 55 poisoned needles
Armour
 e - a +0 plate armour
 i - a +0 pair of boots (worn)
 n - a +2 pair of gloves (worn)
 w - a +0 robe of magic resistance
 Z - a +3 ring mail of cold resistance (worn)
Jewellery
 f - a ring of see invisible (right hand)
 k - an uncursed ring of wizardry
 m - an uncursed ring of stealth
 r - a ring of stealth (left hand)
 Y - an amulet of regeneration (around neck)
Wands
 t - a wand of paralysis (10/24)
 v - a wand of disintegration (2/24)
 J - a wand of random effects (31/48)
Scrolls
 l - a scroll of recharging
 u - a scroll of magic mapping
 y - 3 scrolls of remove curse
 H - 2 scrolls of amnesia
 I - a scroll of fog
 L - a scroll of noise
 P - 5 scrolls of identify
 U - a scroll of holy word {unknown}
 V - a scroll of summoning {unknown}
Potions
 c - 2 potions of magic
 G - a potion of invisibility {unknown}
 M - 2 potions of brilliance {unknown}
 O - a potion of cancellation {unknown}
 S - a potion of lignification {unknown}
 T - a potion of might
Books
 s - a book of Misfortune

   Spells                             Type                      Level
   a - Confusing Touch                Hexes                        1
   b - Confuse                        Hexes                        3
   c - Gell's Gravitas                Hexes/Translocation          3
   d - Petrify                        Transmutation/Earth          4
   e - Metabolic Englaciation         Hexes/Ice                    5
   f - Yara's Violent Unravelling     Hexes/Transmutation          5
 C - a book of Minor Magic

   Spells                             Type                      Level
   a - Magic Dart                     Conjuration                  1
   b - Blink                          Translocation                2
   c - Call Imp                       Summoning                    2
   d - Repel Missiles                 Charms/Air                   2
   e - Slow                           Hexes                        2
   f - Conjure Flame                  Conjuration/Fire             3
   g - Mephitic Cloud                 Conjuration/Poison/Air       3
Comestibles
 h - a slice of pizza
 o - a meat ration
 p - 4 bread rations
 x - 9 royal jellies
 A - 10 fruits
 R - 2 beef jerkies


   Skills:
 + Level 8.2 Fighting
 + Level 3.7(5.0) Short Blades
 + Level 5.5(6.2) Long Blades
   Level 1.3(4.1) Axes
 + Level 6.1(6.2) Maces & Flails
   Level 0.9 Bows
 + Level 9.8 Crossbows
 + Level 1.4 Throwing
 + Level 8.9 Armour
 + Level 4.9 Dodging
 + Level 1.6 Stealth
 + Level 0.6 Invocations


You had 9 spell levels left.
You didn't know any spells.

Dungeon Overview and Level Annotations

Branches:
Dungeon (9/15)             Temple (1/1) D:7             Orc (0/2) D:9
   Lair: D:8-11

Altars:
Ashenzari
Cheibriados
Dithmenos
Elyvilon
Fedhas
Gozag
Hepliaklqana
Kikubaaqudgha
Makhleb
Nemelex Xobeh
Okawaru
Qazlal
Ru
Sif Muna
Trog
Uskayaw
Vehumet
Xom
Yredelemnul
Zin
The Shining One

Shops:
D:8 *

Annotations:
D:7 Erica, Pikel


Innate Abilities, Weirdness & Mutations

You reflexively headbutt those who attack you in melee.
You have a pair of horns on your head.


Message History

* * * LOW HITPOINT WARNING * * *
The orc zombie hits you but does no damage.
The hill giant zombie hits you!
* * * LOW HITPOINT WARNING * * *
The hill giant zombie hits you but does no damage.
Unknown command.
Okay, then.
Blink to where?
Press: ? - help, Dir - move target cursor You can't see that place. [the floor.]
You can't see that place.
Okay, then.
Blink to where?
Press: ? - help, Dir - move target cursor You are very lightly contaminated with residual magic.
As you read the scroll of blinking, it crumbles to dust.
The orc priest calls down the wrath of Beogh upon you.
Beogh smites you!
You die...

#.#†#.#.####
##.##.#†#'..#
#....#†#.#..#
#..##.#.##### #..######
##### #.## #... #.
#.#########.# #######...
#..^........####.#Z.Z...8
###.#....@...o.W.#ZZ.....
#..............#Z#ZW.....
#.#.#.########.#.§Z.Z....
#.#.#.# #.#Z.8.....>
#.#.#.# #.##Z.......
#.#.#.# #.###$......
#######.#.#.# #.# .......
#.......#.#.## #.#
......8 #.#######.#..#
#.# ####...


You could see a phantom, an orc priest and a hill giant zombie.

Vanquished Creatures
  An unseen horror (D:7)
  Joseph (D:9)
  Psyche (D:8)
  2 two-headed ogres
  Grinder (D:5)
  Prince Ribbit (D:8)
  A basilisk (D:6)
  A hungry ghost (D:8)
  Edmund (D:4)
  Menkaure (D:4)
  2 soldier ants (D:9)
  A water moccasin (D:8)
  A slave (D:8)
  An ice beast (D:6)
  A hornet zombie (D:8)
  2 phantoms
  3 ogres
  3 centaurs
  A big kobold (D:8)
  7 bullfrogs
  6 scorpions
  4 wights (D:8)
  4 howler monkeys (D:7)
  8 crimson imps
  A centaur zombie (D:6)
  5 hounds
  An orc priest (D:5)
  3 orc wizards
  4 iguanas
  10 worker ants
  2 ogre zombies (D:9)
  A hound zombie (D:8)
  A howler monkey zombie (D:6)
  A worker ant zombie (D:5)
  Robin (D:4)
  2 howler monkey skeletons
  13 adders
  3 gnolls (D:6)
  2 shadow imps (D:9)
  An ooze (D:3)
  2 adder zombies
  3 adder skeletons
  6 worms
  2 dart slugs (D:1)
  4 leopard geckos
  11 orcs
  9 bats
  4 giant cockroaches
  12 hobgoblins
  8 jackals
  18 kobolds
  2 quokkas
  4 ball pythons
  5 frilled lizards
  18 goblins
  A hobgoblin skeleton (D:9)
  2 hobgoblin zombies (D:9)
  A jackal skeleton (D:9)
  2 orc skeletons (D:9)
  7 orc zombies (D:9)
  A quokka skeleton (D:6)
  7 rats
235 creatures vanquished.

Notes
Turn   | Place    | Note
-------+----------+-------------------------------------------
     0 | D:1      | jacobscrackers the Minotaur Hunter began the quest for the Orb.
     0 | D:1      | Reached XP level 1. HP: 18/18 MP: 0/0
   420 | D:1      | Reached XP level 2. HP: 25/25 MP: 1/1
   499 | D:1      | Reached skill level 5 in Crossbows
   674 | D:1      | Reached XP level 3. HP: 30/30 MP: 2/2
  1043 | D:2      | Reached skill level 1 in Armour
  1389 | D:2      | Reached XP level 4. HP: 34/37 MP: 3/3
  2082 | D:3      | Reached skill level 6 in Crossbows
  2397 | D:3      | Reached XP level 5. HP: 45/45 MP: 4/4
  2535 | D:3      | Found a hazy altar of Hepliaklqana.
  2604 | D:4      | Noticed Edmund
  2638 | D:4      | Killed Edmund
  2638 | D:4      | Reached skill level 7 in Crossbows
  2638 | D:4      | Reached skill level 1 in Stealth
  2638 | D:4      | Reached XP level 6. HP: 42/51 MP: 5/5
  2953 | D:4      | Noticed Menkaure
  2958 | D:4      | Killed Menkaure
  2958 | D:4      | Reached skill level 1 in Short Blades
  2958 | D:4      | Reached skill level 1 in Maces & Flails
  2958 | D:4      | Reached XP level 7. HP: 59/59 MP: 6/6
  3363 | D:4      | Noticed Robin
  3390 | D:4      | Killed Robin
  3731 | D:5      | Entered Level 5 of the Dungeon
  4308 | D:5      | Noticed Grinder
  4321 | D:5      | Killed Grinder
  4321 | D:5      | Reached skill level 5 in Fighting
  4321 | D:5      | Reached skill level 8 in Crossbows
  4321 | D:5      | Reached XP level 8. HP: 29/68 MP: 7/7
  4615 | D:5      | Reached skill level 5 in Armour
  5548 | D:6      | Reached skill level 1 in Axes
  6196 | D:6      | Found a sparkling altar of Nemelex Xobeh.
  6367 | D:6      | Reached skill level 1 in Long Blades
  6446 | D:6      | Reached XP level 9. HP: 34/75 MP: 8/8
  6925 | D:7      | Reached skill level 9 in Crossbows
  6958 | D:7      | Noticed an unseen horror
  6971 | D:7      | Killed an unseen horror
  6971 | D:7      | Reached skill level 1 in Throwing
  7234 | D:7      | Found a staircase to the Ecumenical Temple.
  7243 | Temple   | Entered the Ecumenical Temple
  7386 | Temple   | Became a worshipper of Warmaster Okawaru
  7826 | D:8      | Found a shimmering altar of Xom.
  7826 | D:8      | Noticed Erica
  7832 | D:8      | Noticed Pikel
  8327 | D:8      | Noticed Psyche
  8343 | D:8      | Reached skill level 5 in Maces & Flails
  8348 | D:8      | Killed Psyche
  8381 | D:8      | Reached XP level 10. HP: 65/86 MP: 9/9
  8446 | D:8      | Noticed Prince Ribbit
  8465 | D:8      | Killed Prince Ribbit
  8465 | D:8      | Reached * piety under Okawaru
  8651 | D:8      | Found a stormy altar of Qazlal.
  8656 | D:8      | Found a blossoming altar of Fedhas.
  8656 | D:8      | Found a burning altar of Makhleb.
  8986 | D:8      | Found Xomilet's Assorted Antiques.
  9009 | D:8      | Bought a sedimented sapphire potion for 27 gold pieces
  9048 | D:8      | Reached skill level 5 in Long Blades
  9439 | D:9      | Noticed Joseph
  9457 | D:9      | Killed Joseph
  9823 | D:9      | Found a staircase to the Orcish Mines.
  9837 | D:9      | HP: 4/88 [hill giant zombie (11)]
  9843 | D:9      | Killed from afar by an orc priest

Skill      XL: |  1  2  3  4  5  6  7  8  9 10 |
---------------+-------------------------------+-----
Crossbows      | 5 6 7 8 9 |  9.8
Armour         | 1 2 3 4 6 8 |  8.9
Fighting       | 3 4 5 7 8 |  8.2
Stealth        | 1 |  1.6
Short Blades   | 1 3 |  3.7
Maces & Flails | 1 2 4 5 6 |  6.1
Dodging        | 3 4 |  4.9
Axes           | 1 |  1.3
Long Blades    | 1 4 5 |  5.5
Throwing       | 1 |  1.4
Bows           | |  0.9
Invocations    | |  0.6

Action                   |  1- 3 |  4- 6 |  7- 9 | 10-12 || total
-------------------------+-------+-------+-------+-------++-------
Melee: Hand crossbow     |    12 |       |     1 |       ||    13
       Short sword       |    23 |     9 |    60 |       ||    92
       Headbutt          |     2 |    19 |    67 |    33 ||   121
       Dagger            |       |     5 |    13 |       ||    18
       Whip              |       |    61 |    80 |    72 ||   213
       Hand axe          |       |       |    92 |       ||    92
       Falchion          |       |       |    77 |    87 ||   164
       Flail             |       |       |    35 |       ||    35
       Mace              |       |       |    58 |       ||    58
 Fire: Hand crossbow     |    62 |    67 |    93 |    17 ||   239
       Shortbow          |       |       |       |     9 ||     9
       Blowgun           |       |       |       |     1 ||     1
Throw: Throwing net      |       |       |     1 |       ||     1
       Javelin           |       |       |     8 |       ||     8
Invok: Heroism           |       |       |       |     3 ||     3
Evoke: Wand              |       |       |     3 |       ||     3
  Use: Potion            |     2 |     1 |     3 |     1 ||     7
       Scroll            |     7 |     2 |     6 |     1 ||    16
 Stab: Sleeping          |       |       |       |     2 ||     2
  Eat: Bread ration      |     1 |       |     1 |       ||     2
       Meat ration       |       |     1 |     2 |     1 ||     4
       Pizza             |       |       |       |     1 ||     1
       Beef jerky        |       |       |       |     1 ||     1
Armor: Leather armour    |     6 |       |       |       ||     6
       Scale mail        |     6 |       |       |       ||     6
       Chain mail        |    19 |    78 |   366 |    29 ||   492
       Ring mail         |       |       |       |    19 ||    19
       Robe              |       |       |       |    11 ||    11
Dodge: Dodged            |    46 |    56 |   240 |    95 ||   437
       Rpst.: Falchion   |       |       |     8 |    16 ||    24
